Map: Disco Bloodbath LE

Players

LiquidTLO (TLO) - Winner!

  • Race: Zerg Zerg
  • League: Master
  • Spawn Location: 9:00

TSGSolar (Solar)

  • Race: Zerg Zerg
  • League: Diamond
  • Spawn Location: 3:00

Event: HomeStory Cup XX

VOD

Have the link to the VOD?

Description

Time

  • Played on: Nov. 21, 2019, 6:24 a.m.
  • Length: 14:48

All games in this series

Show
View Real Time Build Order
Export as new Build Order

LiquidTLO Zerg - Winner!

Build Orders: Hatch First, Muta Ling Bane 

Get SALT Encoding   

  12  0:00  Drone  
  13  0:13  Overlord  
  13  0:16  Drone  
  14  0:31  Drone  
  14  0:32  Drone  
  16  0:47  Hatchery  
  15  0:51  Drone  
  15  0:55  Drone  
  17  0:59  Drone  
  17  1:01  Extractor  
  17  1:14  Spawning Pool  
  17  1:17  Drone  
  17  1:20  Drone  
  18  1:28  Drone  
  19  1:39  Overlord  
  19  2:01  Zergling x4, Queen x2  
  21  2:04  Metabolic Boost  
  21  2:08  Zergling x2  
  26  2:11  Zergling x2  
  26  2:14  Zergling x2  
  28  2:21  Zergling x2  
  29  2:26  Zergling x2  
  30  2:32  Zergling x4  
  32  2:43  Overlord  
  32  2:45  Queen  
  32  2:46  Zergling x2  
  35  2:53  Overlord  
  35  2:54  Overlord  
  35  3:03  Zergling x2  
  35  3:05  Zergling x2  
  35  3:09  Zergling x4  
  35  3:10  Zergling x2  
  38  3:13  Zergling x2  
  38  3:14  Zergling x2  
  38  3:18  Zergling x2  
  41  3:20  Zergling x2  
  41  3:23  Drone  
  43  3:29  Drone  
  43  3:30  Drone  
  45  3:39  Drone  
  45  3:40  Drone  
  47  3:46  Baneling Nest  
  46  3:51  Drone  
  46  3:53  Drone x2  
  46  3:54  Drone  
  49  3:57  Drone  
  49  3:59  Drone  
  51  4:03  Drone  
  52  4:14  Drone  
  52  4:16  Lair  
  52  4:17  Overlord  
  53  4:18  Extractor  
  53  4:23  Drone, Evolution Chamber  
  52  4:25  Drone  
  52  4:28  Drone  
  52  4:30  Drone x2  
  56  4:34  Overlord  
  56  4:37  Drone  
  57  4:39  Zergling x2  
  57  4:40  Drone  
  57  4:43  Drone  
  57  4:45  Extractor x2  
  58  4:49  Drone  
  58  4:51  Drone  
  58  4:52  Zergling x2  
  61  4:53  Drone  
  61  4:58  Baneling x2  
  62  5:00  Drone  
  62  5:01  Drone x2  
  62  5:03  Drone  
  62  5:04  Drone  
  67  5:12  Drone  
  68  5:15  Spire  
  68  5:18  Drone x2  
  68  5:19  Baneling  
  68  5:20  Baneling  
  69  5:22  Drone  
  69  5:24  Drone  
  71  5:30  Drone  
  72  5:36  Drone  
  72  5:37  Drone  
  72  5:38  Drone  
  72  5:40  Drone  
  75  5:46  Hatchery, Drone  
  75  5:47  Baneling  
  75  5:49  Zerg Melee Weapons Level 1  
  72  5:50  Drone  
  73  5:58  Roach Warren, Overlord  
  71  6:07  Drone  
  71  6:09  Overlord  
  72  6:15  Overlord  
  71  6:20  Overlord  
  71  6:22  Spine Crawler x2  
  71  6:23  Spine Crawler  
  70  6:30  Mutalisk x5  
  80  6:33  Mutalisk  
  80  6:35  Drone  
  80  6:36  Drone  
  80  6:38  Zerg Flyer Weapons Level 1  
  85  6:41  Drone  
  85  6:42  Drone  
  85  6:46  Extractor, Mutalisk  
  88  6:48  Drone x2  
  88  6:49  Extractor  
  88  6:51  Drone  
  88  6:53  Drone  
  90  6:56  Drone  
  90  6:58  Drone  
  90  6:59  Drone  
  90  7:00  Mutalisk  
  95  7:03  Zergling x2, Drone  
  95  7:07  Centrifical Hooks  
  97  7:14  Drone  
  98  7:17  Mutalisk  
  98  7:22  Mutalisk  
  102  7:27  Mutalisk  
  104  7:33  Mutalisk, Overlord  
  106  7:41  Drone  
  106  7:49  Overlord  
  106  7:54  Mutalisk  
  106  7:56  Mutalisk  
  106  7:57  Mutalisk  
  106  7:58  Mutalisk  
  110  8:01  Hatchery  
  110  8:04  Drone x2  
  113  8:07  Baneling x5  
  113  8:08  Drone  
  113  8:12  Pneumatized Carapace  
  114  8:13  Overlord  
  114  8:14  Drone  
  114  8:17  Drone x7  
  122  8:23  Hatchery  
  121  8:27  Extractor, Mutalisk  
  121  8:29  Extractor  
  121  8:31  Mutalisk  
  121  8:32  Mutalisk  
  125  8:37  Mutalisk  
  127  8:43  Mutalisk  
  119  8:50  Mutalisk  
  119  8:55  Mutalisk  
  121  8:56  Overlord  
  123  9:05  Zerg Flyer Weapons Level 2  
  123  9:11  Overseer, Drone  
  123  9:14  Mutalisk  
  123  9:16  Zergling x4  
  128  9:18  Extractor, Drone x2  
  128  9:19  Extractor  
  128  9:21  Mutalisk  
  130  9:24  Mutalisk  
  130  9:29  Mutalisk  
  130  9:30  Hatchery  
  130  9:31  Zergling x22  
  134  9:34  Overlord x2  
  134  9:36  Overlord  
  134  9:38  Overlord  
  144  9:41  Overlord  
  144  9:44  Overlord x2  
  144  9:45  Zergling x4  
  146  9:47  Zergling x2  
  146  9:51  Zergling x2  
  146  9:52  Zergling x2  
  147  9:53  Mutalisk  
  147  9:56  Mutalisk x2  
  147  9:58  Zergling x8  
  152  10:01  Mutalisk  
  152  10:05  Zerg Melee Weapons Level 2  
  155  10:07  Mutalisk, Drone  
  155  10:11  Zergling x2  
  155  10:13  Zergling x2  
  159  10:19  Mutalisk  
  159  10:21  Zergling x4  
  163  10:26  Mutalisk x3  
  163  10:27  Roach  
  171  10:29  Mutalisk  
  171  10:35  Mutalisk  
  165  10:38  Mutalisk  
  162  10:44  Mutalisk  
  162  10:46  Zergling x2  
  162  10:49  Mutalisk  
  166  10:54  Mutalisk  
  163  10:57  Zergling x2  
  163  10:58  Zergling x18  
  163  11:00  Mutalisk  
  174  11:04  Zergling x2  
  174  11:05  Zergling x2  
  174  11:06  Zergling x2  
  174  11:08  Overseer x2  
  174  11:10  Zergling x2  
  178  11:11  Baneling  
  178  11:12  Baneling x3  
  178  11:13  Infestation Pit  
  178  11:14  Drone x2  
  178  11:15  Zergling x2  
  178  11:16  Drone  
  178  11:17  Drone  
  178  11:18  Baneling  
  175  11:31  Zergling x2  
  175  11:32  Zergling x4  
  172  11:33  Zergling x6  
  172  11:35  Mutalisk  
  172  11:37  Mutalisk x3  
  172  11:38  Mutalisk  
  179  11:40  Zergling x2  
  179  11:41  Zergling x4  
  179  11:42  Zergling x2  
  179  11:43  Mutalisk  
  179  11:45  Mutalisk  
  181  11:49  Mutalisk  
  162  11:54  Mutalisk, Zergling x4  
  162  11:56  Zergling x2  
  162  11:59  Mutalisk  
  165  12:05  Zergling x6  
  165  12:06  Mutalisk  
  165  12:10  Mutalisk, Zergling x2  
  165  12:15  Hive  
  168  12:17  Drone  
  168  12:20  Zergling x2  
  168  12:21  Baneling x6  
  168  12:22  Drone  
  171  12:23  Drone  
  171  12:26  Mutalisk  
  168  12:37  Mutalisk x2  
  168  12:39  Zergling x2  
  168  12:40  Zergling x10  
  168  12:43  Drone  
  171  12:45  Extractor  
  171  12:47  Zergling x4  
  171  12:48  Zergling x2  
  171  12:50  Spine Crawler x2, Overlord  
  171  12:52  Mutalisk, Spine Crawler  
  171  12:56  Mutalisk  
  169  12:58  Mutalisk x2  
  169  13:02  Mutalisk  
  169  13:04  Mutalisk  
  172  13:06  Zergling x2  
  172  13:08  Mutalisk  
  172  13:10  Zergling x4  
  175  13:15  Mutalisk  
  167  13:21  Mutalisk  
  167  13:23  Mutalisk  
  167  13:24  Zergling x2  
  167  13:25  Zergling x4  
  167  13:26  Zergling x2  
  171  13:29  Mutalisk, Zergling x2  
  171  13:31  Zergling x4  
  171  13:32  Drone  
  175  13:34  Zergling x8  
  179  13:44  Baneling x4  
  179  13:46  Baneling x2  
  179  13:52  Zergling x2  
  179  13:53  Zergling x2  
  181  13:56  Mutalisk  
  181  13:57  Mutalisk  
  181  13:59  Mutalisk  
  187  14:07  Baneling x8  
Show
View Real Time Build Order
Export as new Build Order

TSGSolar Zerg 

Build Orders: Hatch First, Lurkers, Roach Hydra 

Get SALT Encoding   

  12  0:01  Drone  
  13  0:12  Overlord  
  13  0:17  Drone  
  14  0:30  Drone  
  14  0:31  Drone  
  16  0:47  Hatchery  
  15  0:51  Drone  
  15  0:55  Drone  
  17  0:58  Drone  
  18  1:09  Extractor  
  17  1:13  Spawning Pool  
  17  1:16  Drone  
  17  1:20  Drone  
  18  1:28  Drone  
  19  1:39  Drone  
  20  1:49  Overlord  
  20  2:00  Queen  
  20  2:01  Zergling x2, Queen  
  23  2:02  Drone  
  26  2:09  Metabolic Boost  
  26  2:11  Drone x2  
  28  2:24  Drone  
  28  2:25  Drone  
  30  2:34  Hatchery  
  30  2:37  Zergling x2  
  30  2:38  Zergling x2  
  30  2:42  Drone  
  32  2:45  Overlord  
  32  2:52  Queen  
  32  2:55  Drone  
  35  3:02  Baneling Nest  
  35  3:05  Zergling x4  
  36  3:06  Zergling x2  
  36  3:10  Zergling x6  
  36  3:11  Evolution Chamber  
  39  3:14  Overlord  
  39  3:19  Evolution Chamber  
  38  3:24  Overlord  
  38  3:25  Spine Crawler  
  37  3:33  Zergling x6  
  40  3:39  Zergling x6  
  44  3:46  Baneling x3  
  44  3:47  Baneling  
  44  3:48  Drone  
  45  3:51  Drone  
  46  3:56  Overlord  
  46  4:01  Drone  
  46  4:02  Drone x2  
  49  4:03  Drone  
  49  4:04  Baneling  
  49  4:06  Drone  
  51  4:10  Drone  
  51  4:16  Drone x3  
  55  4:25  Hatchery  
  55  4:26  Overlord  
  54  4:36  Drone x2  
  54  4:37  Extractor  
  54  4:38  Extractor, Roach Warren  
  54  4:39  Drone  
  54  4:41  Drone  
  54  4:42  Drone  
  55  4:46  Drone x2  
  55  4:48  Drone  
  55  4:51  Drone  
  59  4:56  Overlord  
  59  4:59  Zerg Missile Weapons Level 1, Drone  
  60  5:06  Drone x2  
  62  5:09  Overlord  
  62  5:19  Lair  
  62  5:20  Drone x2  
  63  5:24  Overlord  
  63  5:25  Drone  
  63  5:26  Drone, Roach  
  67  5:31  Roach  
  69  5:36  Roach x4  
  69  5:40  Drone  
  77  5:43  Overlord  
  77  5:48  Drone x3  
  78  5:52  Roach  
  78  5:56  Extractor  
  79  5:57  Drone  
  79  5:59  Overlord  
  79  6:01  Drone  
  81  6:04  Drone  
  81  6:06  Drone  
  81  6:07  Queen x2  
  81  6:08  Extractor  
  84  6:12  Roach x2  
  84  6:13  Drone  
  84  6:15  Baneling x2  
  84  6:16  Zergling x2  
  89  6:19  Drone x2  
  89  6:20  Drone  
  92  6:27  Overlord, Roach  
  92  6:32  Drone  
  93  6:34  Drone x2, Hydralisk Den  
  93  6:39  Drone x4  
  98  6:40  Drone x3  
  98  6:45  Ravager, Overlord  
  98  6:46  Overseer  
  101  6:51  Extractor  
  101  6:53  Overlord  
  99  6:56  Overlord  
  99  6:58  Glial Reconstitution, Zerg Missile Weapons Level 2  
  99  7:00  Overlord  
  99  7:02  Drone  
  99  7:03  Spore Crawler, Drone  
  99  7:04  Drone  
  99  7:08  Spore Crawler  
  100  7:11  Grooved Spines  
  100  7:13  Lurker Den, Hydralisk  
  100  7:15  Hydralisk  
  101  7:21  Drone  
  101  7:22  Drone  
  105  7:23  Hydralisk x2  
  105  7:27  Overlord  
  105  7:28  Overlord  
  108  7:32  Hydralisk  
  108  7:33  Spore Crawler, Hydralisk  
  108  7:36  Hydralisk  
  113  7:39  Overlord  
  113  7:42  Roach  
  113  7:43  Roach x2  
  116  7:46  Hydralisk  
  116  7:47  Hydralisk  
  116  7:50  Drone  
  119  7:53  Hydralisk x2  
  119  7:55  Overlord  
  119  7:57  Overlord  
  118  8:01  Hydralisk x2  
  118  8:03  Drone  
  123  8:06  Roach x2  
  123  8:09  Drone  
  123  8:12  Spore Crawler  
  127  8:13  Lurker x3  
  130  8:20  Hydralisk x2  
  130  8:27  Lurker  
  135  8:29  Overlord  
  133  8:37  Muscular Augments  
  133  8:40  Hydralisk  
  133  8:41  Hydralisk x2  
  135  8:45  Hydralisk  
  135  8:52  Hydralisk x2  
  138  8:58  Overlord  
  138  8:59  Hatchery  
  138  9:02  Drone  
  138  9:03  Drone x2  
  138  9:04  Overseer, Pneumatized Carapace  
  140  9:10  Hydralisk x3  
  140  9:11  Spore Crawler  
  140  9:12  Drone  
  140  9:14  Spore Crawler  
  140  9:15  Drone  
  146  9:19  Drone x2  
  146  9:20  Drone  
  146  9:21  Hydralisk x3  
  146  9:23  Extractor  
  146  9:24  Overlord  
  154  9:25  Overlord  
  154  9:29  Extractor, Overlord  
  153  9:33  Hydralisk x2  
  153  9:38  Overlord  
  157  9:45  Hydralisk x4  
  165  9:48  Overseer  
  165  9:54  Hydralisk x3  
  165  9:59  Drone x2  
  170  10:05  Hydralisk  
  170  10:06  Hydralisk  
  174  10:14  Overlord  
  174  10:23  Spore Crawler  
  174  10:27  Hydralisk x6  
  179  10:39  Spore Crawler  
  179  10:40  Spore Crawler  
  175  10:46  Queen x2  
  167  10:52  Hydralisk x3  
  167  10:53  Hydralisk x2  
  169  10:58  Drone  
  169  10:59  Drone x4  
  174  11:06  Infestation Pit  
  174  11:07  Spore Crawler  
  172  11:12  Extractor  
  172  11:14  Hydralisk x3  
  177  11:31  Hatchery  
  162  11:41  Hydralisk x8  
  162  11:44  Roach  
  154  11:54  Hydralisk x4  
  122  11:59  Hive  
  114  12:03  Hydralisk  
  108  12:11  Lurker  
  108  12:12  Lurker  
  108  12:15  Roach x2  
  114  12:23  Drone x2  
  114  12:24  Drone  
  114  12:25  Hydralisk x3  
  123  12:33  Spore Crawler  
  122  12:42  Hatchery  
  121  12:47  Spore Crawler  
  120  12:53  Hydralisk x2  
  115  13:08  Hydralisk x5  
  115  13:11  Viper  
  125  13:15  Viper  
  124  13:23  Hydralisk  
  124  13:24  Roach  
  120  13:29  Hydralisk  
  118  13:34  Hatchery  
  118  13:37  Hydralisk x2  
  121  13:47  Lurker  
  122  13:50  Hydralisk  
  124  13:56  Spore Crawler  
  124  13:58  Hydralisk  
  124  13:59  Hydralisk  
  127  14:06  Hydralisk x2  
  131  14:14  Hydralisk x2  
  135  14:21  Hydralisk  
Tags
 
Add a new tag
Caveats
  • Supply blocks, unpowered buildings, or Contaminate may cause inaccurate times.
  • Supply counts are checked every 10 seconds.